 Dungeon Crawl Stone Soup version 0.21-a0-221-gfe971b9 (webtiles) character file.

46 motkurip the Ducker (level 3, -8/17 HPs)
             Began as a Felid Chaos Knight on Aug 26, 2017.
             Killed by the capriciousness of Xom (25 damage)
             ... on level 3 of the Dungeon.
             The game lasted 00:05:17 (2282 turns).

motkurip the Ducker (Felid Chaos Knight)            Turns: 2282, Time: 00:05:35

Health: -8/17      AC:  1    Str:  8    XL:     3   Next: 46%
Magic:  4/4        EV: 19    Int: 18    God:    Xom [.*....]
Gold:   213        SH:  0    Dex: 16    Spells: 2/2 levels left
                                        Lives:  0   Deaths: 0

rFire    . . .     SeeInvis +     - Unarmed
rCold    . . .     Gourm    .   (shield unavailable)
rNeg     . . .     Faith    .   (armour unavailable)
rPois    .         Spirit   .   (helmet unavailable)
rElec    .         Reflect  .   (cloak unavailable)
rCorr    .         Harm     .   (gloves unavailable)
MR       .....                  (boots unavailable)
Stlth    +.........             (no amulet)
HPRegen  0.05/turn              j - +5 ring of intelligence
MPRegen  0.09/turn              (no ring)

@: glowing, quick
A: no armour, no weapons or thrown items, stealth, claws 1, fangs 3, see
invisible, carnivore 3, speed 1, shaggy fur 1, slow metabolism 1, sharp paws
a: Renounce Religion


You were on level 3 of the Dungeon.
You worshipped Xom.
You were a BORING thing.
You were very full.

You visited 1 branch of the dungeon, and saw 3 of its levels.

You collected 213 gold pieces.

Inventory:

Hand Weapons
 d - a +0 club
Jewellery
 j - a +5 ring of intelligence (left paw)
 k - an uncursed amulet of faith
 q - an uncursed ring of resist corrosion {unknown}
Scrolls
 b - 3 scrolls of remove curse {unknown}
 g - 2 scrolls of teleportation {unknown}
 i - a scroll of magic mapping {unknown}
 l - a scroll of recharging {unknown}
 m - a scroll of fog {unknown}
 o - a scroll of blinking {unknown}
Potions
 c - 3 potions of heal wounds {unknown}
 e - a potion of brilliance {unknown}
 f - a potion of magic {unknown}
 n - a potion of ambrosia {unknown}
 p - a potion of agility {unknown}
 s - 2 potions of might {unknown}
Comestibles
 a - a meat ration
 r - 2 royal jellies


   Skills:
 + Level 3.3 Fighting
 * Level 4.1 Dodging
 + Level 2.3 Stealth
 + Level 3.3 Unarmed Combat


You had 2 spell levels left.
You didn't know any spells.

Dungeon Overview and Level Annotations

Branches:
Dungeon (3/15)

Altars:
Cheibriados
Kikubaaqudgha
Qazlal


Innate Abilities, Weirdness & Mutations

You cannot wear armour.
You are incapable of wielding weapons or throwing items.
Your paws allow you to move quietly. (Stealth)
You have sharp claws.
You have razor-sharp teeth.
You have supernaturally acute eyesight. (SInv)
You are carnivorous and can eat meat at any time.
You cover ground quickly.
You are covered in fur. (AC +1)
You have a slow metabolism.
Your sharp claws are effective at attacking unaware monsters.


Message History

The worm is heavily wounded.
Xom is getting BORED.
The worm misses you. The worm completely misses you.
You scratch the worm.
The worm is moderately wounded.
You are now a BORING thing.
You scratch the worm.
The worm is heavily wounded.
You barely miss the worm.
The worm is moderately wounded.
You scratch the worm.
The worm is moderately wounded.
You scratch the worm.
The worm is severely wounded.
Xom's attention turns to you for a moment.
You convulse helplessly as pain tears through your body!
Ouch! That really hurt!
You die...
Xom is highly amused!

#.# #.# #.....#
#.# #.# ##....#
### #.# #....#
#.# ##### #.#
#(# #.#
###'######
#....@...#
#...>w...#####
#.............
#........######
#..............
######.......⌠.
#..≈≈≈....
#.≈≈≈≈...#
#..≈≈≈≈..#


You could see a worm.

Vanquished Creatures
  2 worms (D:2)
  A leopard gecko (D:3)
  7 bats
  A giant cockroach (D:2)
  5 hobgoblins
  2 quokkas (D:2)
  A ball python (D:3)
  2 frilled lizards
  9 goblins
  3 kobolds (D:2)
  4 rats
37 creatures vanquished.

Notes
Turn   | Place    | Note
-------+----------+-------------------------------------------
     0 | D:1      | motkurip the Felid Chaos Knight began the quest for the Orb.
     0 | D:1      | Reached XP level 1. HP: 10/10 MP: 2/2
    56 | D:1      | XOM: harmless Ice miscast
   201 | D:1      | XOM: harmless Chrm miscast
   309 | D:1      | Reached XP level 2. HP: 14/14 MP: 3/3
   859 | D:2      | Reached skill level 1 in Stealth
  1121 | D:2      | XOM: mild Necr miscast
  1440 | D:2      | Reached XP level 3. HP: 16/17 MP: 4/4
  1504 | D:2      | Reached skill level 4 in Dodging
  1667 | D:2      | XOM: harmless Ice miscast
  1693 | D:2      | Found a stormy altar of Qazlal.
  1794 | D:3      | Found a snail-covered altar of Cheibriados.
  2255 | D:3      | Found an ancient bone altar of Kikubaaqudgha.
  2259 | D:3      | XOM: mild Chrm miscast
  2282 | D:3      | XOM is BORED!
  2282 | D:3      | XOM: medium Necr miscast
  2282 | D:3      | Killed by the capriciousness of Xom

Vault maps used:
D:1:      dpeg_arrival_central
D:2:      nicolae_qazlal_eye_of_the_storm
D:3:      lemuel_blue_sif_altar, kiku_gazebo_pond_becter, old_standard_altar

Skill      XL: |  1  2  3 |
---------------+----------+-----
Stealth        | 1 2 |  2.3
Dodging        | 4 |  4.1
Fighting       | |  3.3
Unarmed Combat | |  3.3

Action                   || total
-------------------------++-------
Melee: Unarmed           ||   115
       Bite              ||     8
       Punch             ||     2
 Stab: Sleeping          ||     8
       Distracted        ||     1
  Eat: Chunk             ||     9
Armor: Skin              ||     7
Dodge: Dodged            ||    84

Table legend:
 A = Spawn XP
 B = Non-spawn XP
 C = Spawn XP percentage of total XP
 D = Spawn monster count
 E = Non-spawn monster count
 F = Spawn count percentage of total count
 G = Total turns spent on level
                    A         B        C        D         E        F      G
               +---------+---------+-------+---------+---------+-------+---------
         Total |       7 |      60 |  10.4 |       4 |      33 |  10.8 |  2282
               +---------+---------+-------+---------+---------+-------+---------
           D:1 |       5 |      18 |  21.7 |       3 |      11 |  21.4 |  1172
           D:2 |       2 |      31 |   6.1 |       1 |      15 |   6.2 |   540
           D:3 |       0 |      11 |   0.0 |       0 |       7 |   0.0 |   570
               +---------+---------+-------+---------+---------+-------+---------
